 Dungeon Crawl Stone Soup version 0.30-a0-800-g7c544603b3 (webtiles) character file.

Game seed: 15229614994905251782

101 NinjaNoafa the Poker (level 4, -2/36 HPs)
             Began as a Hill Orc Monk on Feb 22, 2023.
             Was a Believer of Beogh.
             Slain by a gnoll
             ... wielding a +0 spear
              (4 damage)
             ... on level 4 of the Dungeon.
             The game lasted 00:07:24 (1702 turns).

NinjaNoafa the Poker (Hill Orc Monk)                Turns: 1702, Time: 00:07:25

Health: -2/36      AC:  9    Str: 12 (15) XL:     4   Next: 75%
Magic:  4/4        EV: 16    Int:  7 (10) God:    Beogh [**....]
Gold:   153        SH:  0    Dex: 14 (17) Spells: 3/3 levels left

rFire   . . .      SeeInvis .    a - +0 spear
rCold   x . .      Faith    .    (no shield)
rNeg    . . .      Spirit   .    l - +2 ring mail "Gupn" {rElec rPois rC- Dex+4}
rPois   +          Reflect  .    (no helmet)
rElec   +          Harm     .    g - +1 cloak
rCorr   .          Rampage  .    (no gloves)
Will    .....      Clarity  +    (no boots)
Stlth   +                        (no amulet)
HPRegen 0.26/turn                k - +5 ring of evasion
MPRegen 0.09/turn                (no ring)

@: brilliant
A: clarity, deterioration 1, frail 1
a: Renounce Religion, Smiting


You were on level 4 of the Dungeon.
You worshipped Beogh.
Beogh was pleased with you.
You visited 1 branch of the dungeon, and saw 4 of its levels.

You collected 153 gold pieces.

Inventory:

Hand Weapons
 a - a +0 spear (weapon)
Armour
 g - a +1 cloak (worn)
 l - the +2 ring mail "Gupn" (worn) {rElec rPois rC- Dex+4}
   (You found it on level 2 of the Dungeon)

   Dex:       It affects your dexterity (+4).
   rC:        It makes you vulnerable to cold.
   rElec:     It insulates you from electricity.
   rPois:     It protects you from poison.
Jewellery
 k - a +5 ring of evasion (left hand)
Scrolls
 b - a scroll of immolation
 c - a scroll of noise
 d - 2 scrolls of blinking
 e - a scroll of amnesia
 f - a scroll of identify {unknown}
 j - a scroll of enchant armour
 m - a scroll of fog {unknown}
 p - a scroll of fear {unknown}
 q - a scroll of vulnerability {unknown}
 r - a scroll of poison {unknown}
 s - a scroll of silence {unknown}
Potions
 h - a potion of curing
 n - a potion of brilliance


   Skills:
 + Level 4.1 Fighting
 + Level 5.2 Polearms
 + Level 1.4 Armour
 - Level 2.4 Dodging
 - Level 1.5 Stealth


You had 3 spell levels left.
You didn't know any spells.
Your spell library contained the following spells:

 Spells                   Type           Power      Damage    Failure   Level
 Apportation              Tloc           0%         N/A       71%         1
 Ensorcelled Hibernation  Hex/Ice        0%         N/A       83%         2
 Sublimation of Blood     Necr           0%         N/A       83%         2
 Wereblood                Tmut           0%         N/A       83%         2
 Ignite Poison            Fire/Tmut/Pois 0%         N/A       97%         3
 Kindle Blastsparks       Fire/Tloc/Air  0%         2d10      97%         3
 Spider Form              Tmut/Pois      0%         N/A       97%         3
 Anguish                  Hex/Necr       0%         N/A       100%        4
 Petrify                  Tmut/Erth      0%         N/A       100%        4
 Alistair's Intoxication  Tmut/Pois      0%         N/A       100%        5
 Freezing Cloud           Conj/Ice/Air   0%         6-21      100%        5
 Metabolic Englaciation   Hex/Ice        0%         N/A       100%        5
 Statue Form              Tmut/Erth      0%         N/A       100%        6
 Summon Hydra             Summ           0%         N/A       100%        7


Dungeon Overview and Level Annotations

Branches:
Dungeon (4/15)
 Temple: D:4-7

Altars:

Portals:
Sewer: D:4


Innate Abilities, Weirdness & Mutations

You possess an exceptional clarity of mind.
Your body sometimes deteriorates upon taking damage.
You are frail. (-10% HP)


Message History

You feel weakened.
You feel dopey.
You feel clumsy. The endoplasm closely misses you.
It was a potion of mutation.
You feel extremely strange.
You feel frail.
Your thoughts seem clearer.
You feel yourself wasting away. The endoplasm barely misses you.
The gnoll hits you from afar with a +0 spear.
* * * LOW HITPOINT WARNING * * *
The gnoll barely misses you.
As you read the scroll labelled YCZI VIRRARIH, it crumbles to dust.
It is a scroll of enchant armour.
Your +0 cloak glows green for a moment.
The gnoll barely misses you. The gnoll completely misses you.
The endoplasm misses you.
As you read the scroll labelled JUHI YSOUSA, it crumbles to dust.
You hear a loud clanging noise!
It was a scroll of noise.
You hear a shout! x2
The gnoll hits you but does no damage.
The gnoll hits you from afar with a +0 spear.
* * * LOW HITPOINT WARNING * * *
The endoplasm misses you.
The orc priest calls down the wrath of Beogh upon you.
Beogh smites you!
* * * LOW HITPOINT WARNING * * *
The gnoll barely misses you. The gnoll misses you. The endoplasm hits you.
* * * LOW HITPOINT WARNING * * *
The gnoll misses you. The gnoll closely misses you.
As you read the scroll labelled SULEOTO TYKHLU, it crumbles to dust.
It is a scroll of amnesia.
You feel forgetful for a moment. The gnoll barely misses you.
The gnoll hits you but does no damage. The endoplasm freezes you.
You are frozen.
You feel a terrible chill!
* * * LOW HITPOINT WARNING * * *
Okay, then.
You bow before the missionary of Beogh.
Beogh welcomes you!
You can now smite your foes.
With a roar of approval, the orcs welcome you as one of their own, and spare your life.
The gnoll hits you from afar with a +0 spear.
You die...

#### ...# ...### #....#
######<...# #.#.......#
~~#..!.. ####@........##
~~#..... ####.oJ..........##
∩B#.....##..#..gg..........###
BB#..........#..g##...#......##
SS#J..##..$o##................#
+##....#..#......#..........#.#
.........##.###..#.........#.#
..........#####............#.##
...........#
#........####....##


You could see 3 gnolls, an endoplasm, a neutral orc priest (wandering) and a
neutral orc (wandering).

Vanquished Creatures
  4 adders
  2 worms (D:2)
  An orc (D:4)
  4 bats
  7 endoplasms
  3 giant cockroaches
  8 goblins
  3 hobgoblins (D:1)
  3 jackals (D:1)
  3 kobolds
  3 quokkas
  3 ball pythons
  4 frilled lizards
  7 rats
55 creatures vanquished.

Notes
Turn   | Place    | Note
-------+----------+-------------------------------------------
     0 | D:1      | NinjaNoafa the Hill Orc Monk began the quest for the Orb.
     0 | D:1      | Reached XP level 1. HP: 19/19 MP: 1/1
    48 | D:1      | Reached XP level 2. HP: 17/26 MP: 2/2
    55 | D:1      | Reached skill level 4 in Polearms
   176 | D:1      | Found a faded altar of an unknown god.
   439 | D:1      | Reached XP level 3. HP: 31/31 MP: 3/3
  1012 | D:2      | Identified the +2 ring mail "Gupn" {rElec rPois rC- Dex+4}
  1113 | D:2      | Reached skill level 5 in Polearms
  1171 | D:2      | Reached XP level 4. HP: 39/40 MP: 4/4
  1484 | D:3      | You fall into a shaft and drop 1 floor!
  1506 | D:4      | Reached skill level 1 in Armour
  1657 | D:4      | Found a glowing drain.
  1695 | D:4      | Gained mutation: You are frail. (-10% HP) [potion of
                  | mutation]
  1695 | D:4      | Gained mutation: You possess an exceptional clarity of
                  | mind. [potion of mutation]
  1695 | D:4      | Gained mutation: Your body sometimes deteriorates upon
                  | taking damage. [potion of mutation]
  1702 | D:4      | Became a worshipper of Beogh the Brigand
  1702 | D:4      | Reached * piety under Beogh
  1702 | D:4      | Reached ** piety under Beogh
  1702 | D:4      | Slain by a gnoll

Illustrated notes

Levels and vault maps discovered:
D:1:      amcnicky_arrival_blooded_trapdoor, layout_basic,
          hellmonk_ecumenical_altar_blasted, st_stairs_7, minmay_misc_feat_tiny,
          kennysheep_decorative_pillar, minmay_indecisive_spiral
D:2:      layout_loops_ring
D:3:      layout_loops_ring, mainiacjoe_overflow_surrounded_room
D:4:      layout_cave_pools, kennysheep_orc_sif_temple,
          mainiacjoe_overflow_alcove_2, gup_sewer_entry_glass

Skill      XL: |  1  2  3  4 |
---------------+-------------+-----
Polearms       | 4 5 |  5.2
Armour         | 1 |  1.4
Fighting       | 4 |  4.1
Dodging        | |  2.4
Stealth        | |  1.5

Action                     |  1- 3 |  4- 6 || total
---------------------------+-------+-------++-------
  Melee: Spear             |   168 |    71 ||   239
         Punch             |     2 |     1 ||     3
 Invoke: Convert to Beogh  |       |     1 ||     1
    Use: Potion            |     1 |     4 ||     5
         Scroll            |       |     4 ||     4
   Stab: Sleeping          |     3 |     2 ||     5
 Armour: Robe              |     6 |       ||     6
         Leather armour    |    14 |       ||    14
         Ring mail         |     6 |    18 ||    24
  Dodge: Dodged            |    83 |    73 ||   156

Table legend: (Time is in decaauts)
 A = Elapsed time spent in this place.
 B = Non-inter-level travel time spent in this place.
 C = Inter-level travel time spent in this place.
 D = Time resting spent in this place.
 E = Time spent auto-exploring this place.
 F = Levels seen in this place.
 G = Mean time per level.
                   A        B        C        D        E       F      G
               +--------+--------+--------+--------+--------+-----+--------+
         Total |   1669 |   1462 |    207 |      0 |    220 |   4 |  417.2 |
       Dungeon |   1669 |   1462 |    207 |      0 |    220 |   4 |  417.2 |
               +--------+--------+--------+--------+--------+-----+--------+

Top non-repeatable levels by time:
     D:1: 752 daAuts
     D:2: 687 daAuts
     D:4: 210 daAuts
     D:3: 18 daAuts
